Rampage vs Comets
(R1)
Created - December 10, 2023 at 21:10
Goals
|
| Rampage |
0 |
3 |
1 |
4 |
| Comets |
1 |
0 |
2 |
3 |
|
Shots
|
| Rampage |
13 |
6 |
10 |
29 |
| Comets |
9 |
8 |
17 |
34 |
|
1st period
1. Comets , Curtis Lazar 4 (Ryan Lomberg 14) at 5:26
Penalties :
Ethan Bear (San) for Hooking (Minor) at 9:00, Scott Harrington (Uti) for Tripping (Minor) at 15:14, Ryan Lomberg (Uti) for Interference (Minor) at 19:50
2nd period
2. Rampage , Trent Frederic 4 (Ethan Bear 9, Jeremy Lauzon 11) at 6:07
3. Rampage , Trent Frederic 5 (Pierre Engvall 7) at 10:26 (SH)
4. Rampage , Jordan Kyrou 12 (Matt Roy 1, Rourke Chartier 18) at 19:05
Penalties :
Joachim Blichfeld (San) for Cross-checking (Minor) at 9:56, Anthony Richard (San) for Tripping (Minor) at 19:16, Trevor Moore (Uti) for Holding (Minor) at 19:59
3rd period
5. Comets , Phil Di Giuseppe 9 (Adam Ollas-Mattsson 6) at 8:00
6. Comets , Curtis Lazar 5 (Nicolas Petan 18, Ryan Lomberg 15) at 10:36
7. Rampage , Jordan Kyrou 13 (Anthony Richard 14, Dylan Blujus 9) at 14:02
Penalties :
Tyler Graovac (Uti) for Hooking (Minor) at 2:33, Daniil Miromanov (Uti) for Holding (Minor) at 17:07
Goalie Stats
Jake Oettinger (San), 31 saves from 34 shots - (0.912), W, 12-7-0, 60:00 minutes
Thatcher Demko (Uti), 25 saves from 29 shots - (0.862), L, 9-5-1, 59:18 minutes
Players Stats for Rampage
Player Name G A P +/- PIM S H SB GA TA FO MP PP MP PK MP
------------------------------------------------------------------------------------
Anthony Richard 0 1 1 1 2 0 3 0 0 0 8/12 14:49 3:58 0:00
Artturi Lehkonen 0 0 0 0 0 2 1 0 0 0 0/0 11:25 0:11 0:46
Dominik Simon 0 0 0 -2 0 5 1 1 1 0 2/2 22:50 4:34 0:46
Dylan Blujus 0 1 1 1 0 3 0 0 0 0 0/0 18:29 0:00 2:36
Dylan Sikura 0 0 0 0 0 1 1 0 2 0 0/1 12:58 0:00 1:06
Emil Bemstrom 0 0 0 1 0 0 1 0 0 0 0/0 6:39 0:07 0:00
Ethan Bear 0 1 1 1 2 3 1 2 1 1 0/0 24:49 5:06 1:04
Frederic Allard 0 0 0 -1 0 0 1 0 0 0 0/0 11:27 0:00 1:01
Henri Jokiharju 0 0 0 1 0 0 0 2 0 0 0/0 21:53 3:33 2:36
Jeremy Lauzon 0 1 1 1 0 5 1 4 2 0 0/0 25:18 4:55 2:05
Joachim Blichfeld 0 0 0 -2 2 0 4 1 0 0 0/0 20:33 3:40 0:00
Jordan Kyrou 2 0 2 1 0 4 1 0 1 0 1/2 15:28 4:34 0:00
Matt Roy 0 1 1 -1 0 1 0 2 0 0 0/0 18:17 3:44 0:00
Paul Cotter 0 0 0 1 0 0 0 0 0 0 0/0 9:49 3:47 0:00
Pierre Engvall 0 1 1 2 0 0 0 0 1 0 2/2 14:24 0:00 2:49
Rourke Chartier 0 1 1 -2 0 2 0 0 0 1 12/30 22:06 4:33 0:00
Trent Frederic 2 0 2 2 0 2 2 0 0 0 4/7 10:23 0:22 2:49
Zach Stepan 0 0 0 0 0 1 1 1 0 0 4/8 12:23 0:11 1:06
Players Stats for Comets
Player Name G A P +/- PIM S H SB GA TA FO MP PP MP PK MP
------------------------------------------------------------------------------------
Adam Ollas-Mattsson 0 1 1 0 0 1 1 1 0 0 0/0 9:49 0:00 0:00
Anton Zlobin 0 0 0 0 0 0 0 0 0 0 0/0 0:14 0:00 0:02
Charles Hudon 0 0 0 0 0 0 0 0 0 1 0/0 1:36 0:00 1:24
Curtis Lazar 2 0 2 -1 0 5 0 0 0 2 2/5 20:46 2:46 2:11
Dan Renouf 0 0 0 -2 0 2 1 2 0 0 0/0 17:49 0:46 3:24
Daniil Miromanov 0 0 0 0 2 0 0 0 0 0 0/0 5:48 0:00 0:00
Guillaume Brisebois 0 0 0 0 0 0 0 0 0 0 0/0 5:45 0:00 0:00
Jaret Anderson-Dolan 0 0 0 0 0 0 0 0 0 0 0/0 0:00 0:00 0:00
Jay O'Brien 0 0 0 0 0 0 0 0 0 0 0/0 0:00 0:00 0:00
Jean-Sebastien Dea 0 0 0 0 0 2 2 1 0 0 3/8 17:22 1:55 2:11
Juho Lammikko 0 0 0 0 0 5 0 1 0 0 0/0 14:34 1:55 0:00
Juuso Riikola 0 0 0 -2 0 0 0 1 0 1 0/0 17:49 0:46 3:24
Lane Pederson 0 0 0 0 0 0 3 0 0 0 1/1 8:13 0:00 1:09
Mackenzie MacEachern 0 0 0 0 0 0 0 0 1 0 0/0 7:04 0:00 0:00
Michael Joly 0 0 0 0 0 0 0 0 0 0 1/1 9:40 0:00 0:00
Nicolas Petan 0 1 1 -1 0 2 1 1 0 0 14/30 24:05 2:46 4:51
Phil Di Giuseppe 1 0 1 0 0 2 0 0 0 0 1/1 9:40 0:00 0:00
Rasmus Asplund 0 0 0 0 0 0 0 0 0 0 1/2 2:11 0:00 1:55
Ryan Lomberg 0 2 2 -1 2 4 1 0 0 1 6/12 22:43 2:46 3:35
Scott Harrington 0 0 0 1 2 3 0 1 0 0 0/0 25:17 3:55 3:40
Trevor Moore 0 0 0 0 2 3 4 0 0 0 0/0 14:48 1:54 0:00
Tyler Graovac 0 0 0 0 2 0 1 0 0 0 2/4 9:42 0:00 0:00
Vladislav Gavrikov 0 0 0 1 0 4 2 2 1 2 0/0 26:37 3:55 5:15
William Lagesson 0 0 0 0 0 0 1 0 0 1 0/0 11:24 0:00 1:35
William Lockwood 0 0 0 0 0 1 1 0 0 0 0/0 7:04 0:00 0:00
3 Stars
1 - Trent Frederic (San)
2 - Jordan Kyrou (San)
3 - Curtis Lazar (Uti)
Power Play
Rampage - 0 on 5 Attempt(s) - 0.00%
Comets - 0 on 3 Attempt(s) - 0.00%
Penalty Kill
Rampage - 3 on 3 Attempt(s) - 100.00%
- Score 1 goal in Penalty Kill
Comets - 5 on 5 Attempt(s) - 100.00%
- Score 0 goal in Penalty Kill
Team Stat
Rampage - Hits : 18 - Faceoff Wins : 33 - Blocked Shots : 13 - Penalty Minutes : 6
Comets - Hits : 18 - Faceoff Wins : 31 - Blocked Shots : 10 - Penalty Minutes : 10
Official
Referees : Brad Meier and Tom Chmielewski
Linesman : Travis Gawryletz and Shandor Alphonso
Game Notes
15:04 of 2nd period - Comets goal is going for a video replay. After video review, No Goal. The puck has entered the net after making contact with an attacking player’s stick that is above the height of the crossbar.
Finance
Level 1 -- Attendance: 1794 (89.70%) -- Ticket Income $125,580
Level 2 -- Attendance: 1000 (100.00%) -- Ticket Income $40,000
Total Attendance: 2794 (93.13%)
Total Ticket Income: $165,580
Other Income: $8,279
Total Income: $173,859
Rampage
5 vs 5 Forward
Center Left Wing Right Wing Time % Phy DF OF
1 Rourke Chartier Dominik Simon Joachim Blichfeld 40 1 2 2
2 Anthony Richard Pierre Engvall Jordan Kyrou 30 1 2 2
3 Zach Stepan Artturi Lehkonen Dylan Sikura 20 1 2 2
4 Trent Frederic Paul Cotter Emil Bemstrom 10 1 2 2
5 vs 5 Defense
Defense Defense Time % Phy DF OF
1 Jeremy Lauzon Ethan Bear 40 1 2 2
2 Dylan Blujus Henri Jokiharju 30 1 2 2
3 Frederic Allard Matt Roy 20 1 2 2
4 Matt Roy Dylan Blujus 10 1 2 2
PowerPlay Forward
Center Left Wing Right Wing Time % Phy DF OF
1 Rourke Chartier Dominik Simon Jordan Kyrou 60 1 2 2
2 Anthony Richard Paul Cotter Joachim Blichfeld 40 1 2 2
PowerPlay Defense
Defense Defense Time % Phy DF OF
1 Ethan Bear Jeremy Lauzon 60 1 2 2
2 Henri Jokiharju Matt Roy 40 1 2 2
Penalty Kill 4 Players Forward
Center Wing Time % Phy DF OF
1 Trent Frederic Pierre Engvall 60 1 2 2
2 Zach Stepan Dylan Sikura 40 1 2 2
Penalty Kill 4 Players Defense
Defense Defense Time % Phy DF OF
1 Henri Jokiharju Dylan Blujus 60 1 2 2
2 Ethan Bear Jeremy Lauzon 40 1 2 2
Penalty Kill - 3 Players Forward
Forward Time % Phy DF OF
1 Trent Frederic 60 1 2 2
2 Pierre Engvall 40 1 2 2
Penalty Kill - 3 Players Defense
Defense Defense Time % Phy DF OF
1 Henri Jokiharju Dylan Blujus 60 1 2 2
2 Jeremy Lauzon Ethan Bear 40 1 2 2
4 vs 4 Forward
Center Wing Time % Phy DF OF
1 Rourke Chartier Dominik Simon 60 1 2 2
2 Zach Stepan Pierre Engvall 40 1 2 2
4 vs 4 Defense
Defense Defense Time % Phy DF OF
1 Matt Roy Ethan Bear 60 1 2 2
2 Dylan Blujus Jeremy Lauzon 40 1 2 2
Last Minutes Offensive
Center Left Wing Right Wing Defense Defense
Rourke Chartier Dominik Simon Joachim Blichfeld Jeremy Lauzon Ethan Bear
Last Minutes Defensive
Center Left Wing Right Wing Defense Defense
Trent Frederic Pierre Engvall Dylan Sikura Henri Jokiharju Dylan Blujus
Goaltenders
Starting : Jake Oettinger
Backup : Magnus Hellberg
Extra Forwards
Normal : Dominik Simon, Dylan Sikura, Zach Stepan - PP : Trent Frederic, Jordan Kyrou - PK : Artturi Lehkonen
Extra Defensemen
Normal : Dylan Blujus, Ethan Bear, Henri Jokiharju - PP : Matt Roy - PK : Frederic Allard, Matt Roy
Penalty Shots
Jordan Kyrou, Rourke Chartier, Anthony Richard, Joachim Blichfeld, Dylan Sikura
Custom OT Lines Forwards
Dominik Simon, Pierre Engvall, Rourke Chartier, Jordan Kyrou, Dylan Sikura, Anthony Richard, Joachim Blichfeld, Zach Stepan, Artturi Lehkonen, Paul Cotter
Custom OT Lines Defensemen
Ethan Bear, Dylan Blujus, Jeremy Lauzon, Matt Roy, Henri Jokiharju
Scratches
Rasmus Kupari (Healthy), Nathan Smith (Healthy), Calen Addison (Healthy), Sami Niku (Healthy), Warren Foegele (Healthy)
Grigori Denisenko (Healthy), Trey Fix-Wolansky (Healthy), Emil Larmi (Healthy)
Comets
5 vs 5 Forward
Center Left Wing Right Wing Time % Phy DF OF
1 Nicolas Petan Ryan Lomberg Curtis Lazar 40 1 2 2
2 Jean-Sebastien Dea Trevor Moore Juho Lammikko 30 1 2 2
3 Tyler Graovac Phil Di Giuseppe Michael Joly 20 1 2 2
4 Lane Pederson Mackenzie MacEachern William Lockwood 10 1 2 2
5 vs 5 Defense
Defense Defense Time % Phy DF OF
1 Vladislav Gavrikov Scott Harrington 40 1 2 2
2 Juuso Riikola Dan Renouf 30 1 2 2
3 Adam Ollas-Mattsson William Lagesson 20 1 2 2
4 Daniil Miromanov Guillaume Brisebois 10 1 2 2
PowerPlay Forward
Center Left Wing Right Wing Time % Phy DF OF
1 Nicolas Petan Ryan Lomberg Curtis Lazar 60 1 2 2
2 Jean-Sebastien Dea Trevor Moore Juho Lammikko 40 1 2 2
PowerPlay Defense
Defense Defense Time % Phy DF OF
1 Vladislav Gavrikov Scott Harrington 60 1 2 2
2 Juuso Riikola Dan Renouf 40 1 2 2
Penalty Kill 4 Players Forward
Center Wing Time % Phy DF OF
1 Ryan Lomberg Nicolas Petan 60 1 2 2
2 Curtis Lazar Jean-Sebastien Dea 40 1 2 2
Penalty Kill 4 Players Defense
Defense Defense Time % Phy DF OF
1 Vladislav Gavrikov Scott Harrington 60 1 2 2
2 Juuso Riikola Dan Renouf 40 1 2 2
Penalty Kill - 3 Players Forward
Forward Time % Phy DF OF
1 Ryan Lomberg 60 1 2 2
2 Nicolas Petan 40 1 2 2
Penalty Kill - 3 Players Defense
Defense Defense Time % Phy DF OF
1 Vladislav Gavrikov Scott Harrington 60 1 2 2
2 Juuso Riikola Dan Renouf 40 1 2 2
4 vs 4 Forward
Center Wing Time % Phy DF OF
1 Ryan Lomberg Nicolas Petan 60 1 2 2
2 Curtis Lazar Jean-Sebastien Dea 40 1 2 2
4 vs 4 Defense
Defense Defense Time % Phy DF OF
1 Vladislav Gavrikov Scott Harrington 60 1 2 2
2 Juuso Riikola Dan Renouf 40 1 2 2
Last Minutes Offensive
Center Left Wing Right Wing Defense Defense
Nicolas Petan Ryan Lomberg Curtis Lazar Vladislav Gavrikov Scott Harrington
Last Minutes Defensive
Center Left Wing Right Wing Defense Defense
Nicolas Petan Ryan Lomberg Curtis Lazar Vladislav Gavrikov Scott Harrington
Goaltenders
Starting : Thatcher Demko
Backup : Casey DeSmith
Extra Forwards
Normal : Charles Hudon, Anton Zlobin, Rasmus Asplund - PP : Charles Hudon, Anton Zlobin - PK : Rasmus Asplund
Extra Defensemen
Normal : Adam Ollas-Mattsson, William Lagesson, Daniil Miromanov - PP : Adam Ollas-Mattsson - PK : William Lagesson, Daniil Miromanov
Penalty Shots
Ryan Lomberg, Nicolas Petan, Curtis Lazar, Jean-Sebastien Dea, Juho Lammikko
Custom OT Lines Forwards
Ryan Lomberg, Nicolas Petan, Curtis Lazar, Jean-Sebastien Dea, Juho Lammikko, Trevor Moore, Phil Di Giuseppe, Mackenzie MacEachern, Charles Hudon, Michael Joly
Custom OT Lines Defensemen
Vladislav Gavrikov, Scott Harrington, Juuso Riikola, Dan Renouf, Adam Ollas-Mattsson
Scratches
Daniel Zaar (Suspend), Brandon Saigeon (Healthy), Jack Rathbone (Healthy), Michael Kesselring (Healthy), Marek Langhamer (Healthy)
Michael Dipietro (Healthy)
% Time on Ice - Rampage
Lines # - Real PCT - Wanted PCT - Time Play
Normal Forward
1 - 38% - 40% - 16:47
2 - 26% - 30% - 11:31
3 - 22% - 20% - 9:57
4 - 14% - 10% - 6:19
Normal Defense
1 - 43% - 40% - 18:59
2 - 31% - 30% - 13:39
3 - 23% - 20% - 10:26
4 - 3% - 10% - 1:30
PP Forward
1 - 56% - 60% - 4:52
2 - 44% - 40% - 3:47
PP Defense
1 - 59% - 60% - 5:06
2 - 41% - 40% - 3:33
PK Forward
1 - 77% - 60% - 3:35
2 - 23% - 40% - 1:06
PK Defense
1 - 56% - 60% - 2:36
2 - 44% - 40% - 2:05
PK3 Forward
1 - 0% - 60%
2 - 0% - 40%
PK3 Defense
1 - 0% - 60%
2 - 0% - 40%
44 Forward
1 - 100% - 60% - 1:16
2 - 0% - 40% - 0:00
44 Defense
1 - 55% - 60% - 0:42
2 - 45% - 40% - 0:34
Last Minute Offensive - 0:00
Last Minute Defensive - 0:50
Total
Forward - 60:00
Defense - 60:00
|
% Time on Ice - Comets
Lines # - Real PCT - Wanted PCT - Time Play
Normal Forward
1 - 33% - 40% - 14:54
2 - 29% - 30% - 12:57
3 - 22% - 20% - 9:40
4 - 16% - 10% - 7:04
Normal Defense
1 - 37% - 40% - 16:30
2 - 30% - 30% - 13:20
3 - 20% - 20% - 9:00
4 - 13% - 10% - 5:45
PP Forward
1 - 59% - 60% - 2:46
2 - 41% - 40% - 1:55
PP Defense
1 - 84% - 60% - 3:55
2 - 16% - 40% - 0:46
PK Forward
1 - 75% - 60% - 6:28
2 - 25% - 40% - 2:11
PK Defense
1 - 61% - 60% - 5:15
2 - 39% - 40% - 3:24
PK3 Forward
1 - 0% - 60%
2 - 0% - 40%
PK3 Defense
1 - 0% - 60%
2 - 0% - 40%
44 Forward
1 - 75% - 60% - 0:57
2 - 25% - 40% - 0:19
44 Defense
1 - 75% - 60% - 0:57
2 - 25% - 40% - 0:19
Last Minute Offensive - 0:49
Last Minute Defensive - 0:00
Total
Forward - 60:00
Defense - 60:00
|
Play-by-Play
1st period
0:01 of 1st period - Nicolas Petan wins face-off versus Rourke Chartier in neutral zone.
0:04 of 1st period - Snap shot by Ryan Lomberg.
0:04 of 1st period - Stopped by Jake Oettinger with a rebound.
0:06 of 1st period - Slapshot by Vladislav Gavrikov.
0:06 of 1st period - Shot Blocked by Dominik Simon.
0:08 of 1st period - Slapshot by Nicolas Petan.
0:08 of 1st period - Stopped by Jake Oettinger with a rebound.
0:14 of 1st period - Jeremy Lauzon is hit by Nicolas Petan and loses puck.
0:42 of 1st period - Snap shot by Artturi Lehkonen.
0:42 of 1st period - Shot Blocked by Scott Harrington.
0:44 of 1st period - Slapshot by Henri Jokiharju.
0:44 of 1st period - Shot Misses the Net.
1:06 of 1st period - Off-side.
1:07 of 1st period - Phil Di Giuseppe wins face-off versus Trent Frederic in neutral zone.
1:32 of 1st period - Dan Renouf is hit by Frederic Allard and loses puck.
1:46 of 1st period - Slapshot by Jordan Kyrou.
1:46 of 1st period - Stopped by Thatcher Demko with a rebound.
2:19 of 1st period - Icing by Ethan Bear.
2:20 of 1st period - Lane Pederson wins face-off versus Dylan Sikura in Rampage zone.
2:21 of 1st period - Slapshot by William Lockwood.
2:21 of 1st period - Stopped by Jake Oettinger without a rebound.
2:22 of 1st period - Jean-Sebastien Dea wins face-off versus Zach Stepan in Rampage zone.
2:29 of 1st period - Snap shot by Dylan Sikura.
2:29 of 1st period - Shot Misses the Net.
2:47 of 1st period - Zach Stepan is hit by William Lagesson and loses puck.
2:58 of 1st period - Wrist shot by Artturi Lehkonen.
2:58 of 1st period - Shot Misses the Net.
3:16 of 1st period - Snap shot by Dylan Sikura.
3:16 of 1st period - Shot Misses the Net.
3:18 of 1st period - Slapshot by Dylan Blujus.
3:18 of 1st period - Stopped by Thatcher Demko with a rebound.
3:22 of 1st period - Slapshot by Artturi Lehkonen.
3:22 of 1st period - Stopped by Thatcher Demko without a rebound.
3:23 of 1st period - Nicolas Petan wins face-off versus Rourke Chartier in Comets zone.
3:37 of 1st period - Slapshot by Ryan Lomberg.
3:37 of 1st period - Shot Blocked by Jeremy Lauzon.
4:11 of 1st period - Dan Renouf is hit by Jeremy Lauzon and loses puck.
4:33 of 1st period - Off-side.
4:34 of 1st period - Tyler Graovac wins face-off versus Rourke Chartier in neutral zone.
4:45 of 1st period - Dominik Simon is hit by Adam Ollas-Mattsson.
4:51 of 1st period - Adam Ollas-Mattsson is hit by Joachim Blichfeld and loses puck.
5:12 of 1st period - Backhand shot by Joachim Blichfeld.
5:12 of 1st period - Shot Misses the Net.
5:14 of 1st period - Backhand shot by Joachim Blichfeld.
5:14 of 1st period - Shot Misses the Net.
5:16 of 1st period - Slapshot by Dylan Blujus.
5:16 of 1st period - Stopped by Thatcher Demko without a rebound.
5:17 of 1st period - Ryan Lomberg wins face-off versus Jordan Kyrou in Comets zone.
5:26 of 1st period - Wrist shot by Curtis Lazar.
5:26 of 1st period - Goal by Curtis Lazar - Rampage : 0 - Comets : 1.
5:27 of 1st period - Anthony Richard wins face-off versus Nicolas Petan in neutral zone.
6:17 of 1st period - Trent Frederic is hit by Lane Pederson and loses puck.
6:22 of 1st period - Snap shot by Mackenzie MacEachern.
6:22 of 1st period - Shot Misses the Net.
6:44 of 1st period - Wrist shot by Ryan Lomberg.
6:44 of 1st period - Shot Blocked by Jeremy Lauzon.
8:19 of 1st period - Slapshot by Phil Di Giuseppe.
8:19 of 1st period - Deflect By Tyler Graovac.
8:19 of 1st period - Shot Misses the Net.
8:19 of 1st period - Puck is out of play.
8:20 of 1st period - Jordan Kyrou wins face-off versus Tyler Graovac in Rampage zone.
9:00 of 1st period - Minor Penalty to Ethan Bear for Hooking.
9:01 of 1st period - Pierre Engvall wins face-off versus Nicolas Petan in Rampage zone.
11:00 of 1st period - Penalty to Ethan Bear is over, Ethan Bear is back on ice.
11:07 of 1st period - Zach Stepan is hit by Tyler Graovac and loses puck.
11:13 of 1st period - Off-side.
11:14 of 1st period - Rourke Chartier wins face-off versus Tyler Graovac in neutral zone.
11:29 of 1st period - Dan Renouf is hit by Joachim Blichfeld and loses puck.
11:42 of 1st period - Snap shot by Phil Di Giuseppe.
11:42 of 1st period - Stopped by Jake Oettinger with a rebound.
11:44 of 1st period - Backhand shot by Tyler Graovac.
11:44 of 1st period - Shot Misses the Net.
11:46 of 1st period - Slapshot by Phil Di Giuseppe.
11:46 of 1st period - Deflect By Tyler Graovac.
11:46 of 1st period - Shot Misses the Net.
11:46 of 1st period - Puck is out of play.
11:47 of 1st period - Anthony Richard wins face-off versus Nicolas Petan in Rampage zone.
12:04 of 1st period - Wrist shot by Jordan Kyrou.
12:04 of 1st period - Stopped by Thatcher Demko with a rebound.
12:42 of 1st period - Wrist shot by Rourke Chartier.
12:42 of 1st period - Shot Misses the Net.
12:44 of 1st period - Slapshot by Matt Roy.
12:44 of 1st period - Shot Misses the Net.
13:07 of 1st period - Wrist shot by Tyler Graovac.
13:07 of 1st period - Shot Blocked by Matt Roy.
14:32 of 1st period - Phil Di Giuseppe is hit by Trent Frederic and loses puck.
15:14 of 1st period - Minor Penalty to Scott Harrington for Tripping.
15:15 of 1st period - Rourke Chartier wins face-off versus Ryan Lomberg in Comets zone.
15:19 of 1st period - Snap shot by Rourke Chartier.
15:19 of 1st period - Shot Blocked by Nicolas Petan.
15:21 of 1st period - Slapshot by Jeremy Lauzon.
15:21 of 1st period - Stopped by Thatcher Demko without a rebound.
15:22 of 1st period - Ryan Lomberg wins face-off versus Rourke Chartier in Comets zone.
16:08 of 1st period - Backhand shot by Rourke Chartier.
16:08 of 1st period - Shot Misses the Net.
16:10 of 1st period - Slapshot by Jeremy Lauzon.
16:10 of 1st period - Stopped by Thatcher Demko with a rebound.
16:12 of 1st period - Slapshot by Ethan Bear.
16:12 of 1st period - Deflect By Dominik Simon.
16:12 of 1st period - Shot Blocked by Juuso Riikola.
16:12 of 1st period - Puck is out of play.
16:13 of 1st period - Anthony Richard wins face-off versus Ryan Lomberg in Comets zone.
16:28 of 1st period - Snap shot by Joachim Blichfeld.
16:28 of 1st period - Deflect By Paul Cotter.
16:28 of 1st period - Shot Misses the Net.
16:28 of 1st period - Puck is out of play.
16:29 of 1st period - Ryan Lomberg wins face-off versus Anthony Richard in Comets zone.
16:44 of 1st period - Vladislav Gavrikov is hit by Anthony Richard and loses puck.
17:14 of 1st period - Penalty to Scott Harrington is over, Scott Harrington is back on ice.
17:21 of 1st period - Backhand shot by Scott Harrington.
17:21 of 1st period - Stopped by Jake Oettinger with a rebound.
17:29 of 1st period - Wrist shot by Scott Harrington.
17:29 of 1st period - Stopped by Jake Oettinger without a rebound.
17:30 of 1st period - Zach Stepan wins face-off versus Jean-Sebastien Dea in Rampage zone.
17:35 of 1st period - Slapshot by Jeremy Lauzon.
17:35 of 1st period - Stopped by Thatcher Demko with a rebound.
17:37 of 1st period - Snap shot by Dylan Sikura.
17:37 of 1st period - Stopped by Thatcher Demko with a rebound.
17:39 of 1st period - Wrist shot by Jeremy Lauzon.
17:39 of 1st period - Deflect By Trevor Moore.
17:39 of 1st period - Stopped by Thatcher Demko without a rebound.
17:40 of 1st period - Zach Stepan wins face-off versus Jean-Sebastien Dea in Comets zone.
18:01 of 1st period - Snap shot by Dylan Sikura.
18:01 of 1st period - Shot Blocked by Juho Lammikko.
18:05 of 1st period - Snap shot by Dylan Sikura.
18:05 of 1st period - Shot Misses the Net.
18:19 of 1st period - Slapshot by Ethan Bear.
18:19 of 1st period - Shot Misses the Net.
18:21 of 1st period - Slapshot by Ethan Bear.
18:21 of 1st period - Stopped by Thatcher Demko without a rebound.
18:22 of 1st period - Nicolas Petan wins face-off versus Rourke Chartier in Comets zone.
18:31 of 1st period - Wrist shot by Ryan Lomberg.
18:31 of 1st period - Shot Misses the Net.
18:33 of 1st period - Slapshot by Vladislav Gavrikov.
18:33 of 1st period - Stopped by Jake Oettinger with a rebound.
18:35 of 1st period - Wrist shot by Nicolas Petan.
18:35 of 1st period - Shot Misses the Net.
18:47 of 1st period - Henri Jokiharju is hit by Lane Pederson and loses puck.
18:54 of 1st period - Wrist shot by Mackenzie MacEachern.
18:54 of 1st period - Shot Misses the Net.
18:56 of 1st period - Slapshot by Dan Renouf.
18:56 of 1st period - Stopped by Jake Oettinger with a rebound.
18:58 of 1st period - Slapshot by Juuso Riikola.
18:58 of 1st period - Deflect By Mackenzie MacEachern.
18:58 of 1st period - Shot Misses the Net.
18:58 of 1st period - Puck is out of play.
18:59 of 1st period - Anthony Richard wins face-off versus Curtis Lazar in Rampage zone.
19:04 of 1st period - Curtis Lazar is hit by Anthony Richard and loses puck.
19:31 of 1st period - Snap shot by Ethan Bear.
19:31 of 1st period - Stopped by Thatcher Demko with a rebound.
19:33 of 1st period - Slapshot by Jeremy Lauzon.
19:33 of 1st period - Stopped by Thatcher Demko without a rebound.
19:34 of 1st period - Nicolas Petan wins face-off versus Rourke Chartier in Comets zone.
19:50 of 1st period - Minor Penalty to Ryan Lomberg for Interference.
19:51 of 1st period - Rasmus Asplund wins face-off versus Rourke Chartier in Comets zone.
19:51 of 1st period - Rasmus Asplund is hit by Ethan Bear.
Goals for this period are 0 for Rampage vs 1 for Comets.
Shots for this period are 13 for Rampage vs 9 for Comets.
2nd period
0:01 of 2nd period - Rourke Chartier wins face-off versus Rasmus Asplund in neutral zone.
1:50 of 2nd period - Penalty to Ryan Lomberg is over, Ryan Lomberg is back on ice.
1:55 of 2nd period - Dan Renouf is hit by Jordan Kyrou and loses puck.
2:10 of 2nd period - Snap shot by Michael Joly.
2:10 of 2nd period - Shot Blocked by Jeremy Lauzon.
2:32 of 2nd period - Snap shot by Trevor Moore.
2:32 of 2nd period - Shot Misses the Net.
3:05 of 2nd period - Off-side.
3:06 of 2nd period - Tyler Graovac wins face-off versus Trent Frederic in neutral zone.
3:21 of 2nd period - Slapshot by Phil Di Giuseppe.
3:21 of 2nd period - Shot Misses the Net.
5:27 of 2nd period - Ethan Bear is hit by Vladislav Gavrikov and loses puck.
5:34 of 2nd period - Snap shot by Curtis Lazar.
5:34 of 2nd period - Stopped by Jake Oettinger with a rebound.
5:52 of 2nd period - Ethan Bear is hit by William Lockwood and loses puck.
6:07 of 2nd period - Slapshot by Ethan Bear.
6:07 of 2nd period - Deflect By Trent Frederic.
6:07 of 2nd period - Goal by Trent Frederic - Rampage : 1 - Comets : 1.
6:08 of 2nd period - Rourke Chartier wins face-off versus Ryan Lomberg in neutral zone.
6:17 of 2nd period - Snap shot by Dominik Simon.
6:17 of 2nd period - Stopped by Thatcher Demko without a rebound.
6:18 of 2nd period - Curtis Lazar wins face-off versus Rourke Chartier in Comets zone.
6:23 of 2nd period - Snap shot by Dominik Simon.
6:23 of 2nd period - Stopped by Thatcher Demko without a rebound.
6:24 of 2nd period - Dominik Simon wins face-off versus Nicolas Petan in Comets zone.
6:33 of 2nd period - Snap shot by Curtis Lazar.
6:33 of 2nd period - Shot Blocked by Henri Jokiharju.
6:35 of 2nd period - Wrist shot by Nicolas Petan.
6:35 of 2nd period - Shot Blocked by Henri Jokiharju.
6:37 of 2nd period - Slapshot by Ryan Lomberg.
6:37 of 2nd period - Shot Misses the Net.
6:39 of 2nd period - Snap shot by Nicolas Petan.
6:39 of 2nd period - Shot Misses the Net.
6:57 of 2nd period - Wrist shot by Juho Lammikko.
6:57 of 2nd period - Deflect By Trevor Moore.
6:57 of 2nd period - Shot Misses the Net.
6:57 of 2nd period - Puck is out of play.
6:58 of 2nd period - Dominik Simon wins face-off versus Nicolas Petan in Rampage zone.
7:35 of 2nd period - Slapshot by Trevor Moore.
7:35 of 2nd period - Stopped by Jake Oettinger without a rebound.
7:36 of 2nd period - Anthony Richard wins face-off versus Nicolas Petan in Rampage zone.
7:53 of 2nd period - Snap shot by Jordan Kyrou.
7:53 of 2nd period - Shot Blocked by Dan Renouf.
8:03 of 2nd period - Rourke Chartier is hit by Jean-Sebastien Dea and loses puck.
8:12 of 2nd period - Snap shot by Juho Lammikko.
8:12 of 2nd period - Shot Misses the Net.
8:14 of 2nd period - Slapshot by Adam Ollas-Mattsson.
8:14 of 2nd period - Stopped by Jake Oettinger without a rebound.
8:15 of 2nd period - Anthony Richard wins face-off versus Nicolas Petan in Rampage zone.
8:20 of 2nd period - Slapshot by Jeremy Lauzon.
8:20 of 2nd period - Shot Blocked by Adam Ollas-Mattsson.
9:05 of 2nd period - Slapshot by Ethan Bear.
9:05 of 2nd period - Shot Blocked by Vladislav Gavrikov.
9:42 of 2nd period - Off-side.
9:43 of 2nd period - Nicolas Petan wins face-off versus Anthony Richard in neutral zone.
9:50 of 2nd period - Snap shot by Ryan Lomberg.
9:50 of 2nd period - Stopped by Jake Oettinger without a rebound.
9:51 of 2nd period - Rourke Chartier wins face-off versus Nicolas Petan in Rampage zone.
9:51 of 2nd period - Rourke Chartier is hit by Vladislav Gavrikov.
9:56 of 2nd period - Minor Penalty to Joachim Blichfeld for Cross-checking.
9:57 of 2nd period - Trent Frederic wins face-off versus Nicolas Petan in Rampage zone.
10:10 of 2nd period - Snap shot by Nicolas Petan.
10:10 of 2nd period - Deflect By Curtis Lazar.
10:10 of 2nd period - Shot Misses the Net.
10:10 of 2nd period - Puck is out of play.
10:11 of 2nd period - Trent Frederic wins face-off versus Ryan Lomberg in Rampage zone.
10:26 of 2nd period - Slapshot by Trent Frederic.
10:26 of 2nd period - Goal by Trent Frederic - Rampage : 2 - Comets : 1.
10:27 of 2nd period - Nicolas Petan wins face-off versus Trent Frederic in neutral zone.
11:34 of 2nd period - Vladislav Gavrikov is hit by Artturi Lehkonen.
11:56 of 2nd period - Penalty to Joachim Blichfeld is over, Joachim Blichfeld is back on ice.
13:53 of 2nd period - Nicolas Petan is hit by Joachim Blichfeld and loses puck.
14:29 of 2nd period - Icing by Matt Roy.
14:30 of 2nd period - Zach Stepan wins face-off versus Jean-Sebastien Dea in Rampage zone.
14:30 of 2nd period - Zach Stepan is hit by Dan Renouf.
14:38 of 2nd period - Snap shot by Zach Stepan.
14:38 of 2nd period - Shot Blocked by Jean-Sebastien Dea.
14:56 of 2nd period - Slapshot by Juho Lammikko.
14:56 of 2nd period - Shot Blocked by Matt Roy.
14:58 of 2nd period - Slapshot by Trevor Moore.
14:58 of 2nd period - Shot Misses the Net.
15:00 of 2nd period - Slapshot by Juho Lammikko.
15:00 of 2nd period - Stopped by Jake Oettinger with a rebound.
15:02 of 2nd period - Snap shot by Juho Lammikko.
15:02 of 2nd period - Stopped by Jake Oettinger with a rebound.
15:04 of 2nd period - Snap shot by Trevor Moore.
15:04 of 2nd period - Deflect By Jean-Sebastien Dea.
15:04 of 2nd period - Comets goal is going for a video replay.
15:04 of 2nd period - The goal is refused. The puck has entered the net after making contact with an attacking player’s stick that is above the height of the crossbar..
15:05 of 2nd period - Curtis Lazar wins face-off versus Rourke Chartier in Rampage zone.
15:15 of 2nd period - Icing by Henri Jokiharju.
15:16 of 2nd period - Nicolas Petan wins face-off versus Rourke Chartier in Rampage zone.
15:29 of 2nd period - Wrist shot by Curtis Lazar.
15:29 of 2nd period - Shot Misses the Net.
15:31 of 2nd period - Snap shot by Ryan Lomberg.
15:31 of 2nd period - Stopped by Jake Oettinger with a rebound.
15:43 of 2nd period - Jordan Kyrou is hit by Trevor Moore and loses puck.
15:50 of 2nd period - Ethan Bear is hit by Trevor Moore and loses puck.
16:23 of 2nd period - William Lockwood is hit by Emil Bemstrom and loses puck.
18:02 of 2nd period - Matt Roy is hit by Lane Pederson and loses puck.
19:03 of 2nd period - Slapshot by Matt Roy.
19:03 of 2nd period - Stopped by Thatcher Demko with a rebound.
19:05 of 2nd period - Slapshot by Matt Roy.
19:05 of 2nd period - Deflect By Jordan Kyrou.
19:05 of 2nd period - Goal by Jordan Kyrou - Rampage : 3 - Comets : 1.
19:06 of 2nd period - Pierre Engvall wins face-off versus Ryan Lomberg in neutral zone.
19:16 of 2nd period - Minor Penalty to Anthony Richard for Tripping.
19:17 of 2nd period - Trent Frederic wins face-off versus Nicolas Petan in Rampage zone.
19:59 of 2nd period - Minor Penalty to Trevor Moore for Holding.
Goals for this period are 3 for Rampage vs 0 for Comets.
Shots for this period are 6 for Rampage vs 8 for Comets.
Goals for this period are 3 for Rampage vs 0 for Comets.
Shots for this period are 6 for Rampage vs 8 for Comets.
3rd period
0:01 of 3rd period - Ryan Lomberg wins face-off versus Rourke Chartier in neutral zone.
0:04 of 3rd period - Wrist shot by Nicolas Petan.
0:04 of 3rd period - Shot Misses the Net.
0:12 of 3rd period - Vladislav Gavrikov is hit by Dominik Simon and loses puck.
0:51 of 3rd period - Snap shot by Jean-Sebastien Dea.
0:51 of 3rd period - Shot Blocked by Zach Stepan.
0:53 of 3rd period - Slapshot by Vladislav Gavrikov.
0:53 of 3rd period - Stopped by Jake Oettinger with a rebound.
1:16 of 3rd period - Penalty to Anthony Richard is over, Anthony Richard is back on ice.
1:24 of 3rd period - Slapshot by Ethan Bear.
1:24 of 3rd period - Stopped by Thatcher Demko with a rebound.
1:26 of 3rd period - Slapshot by Artturi Lehkonen.
1:26 of 3rd period - Stopped by Thatcher Demko without a rebound.
1:27 of 3rd period - Anthony Richard wins face-off versus Curtis Lazar in Comets zone.
1:59 of 3rd period - Penalty to Trevor Moore is over, Trevor Moore is back on ice.
2:20 of 3rd period - Icing by Scott Harrington.
2:21 of 3rd period - Michael Joly wins face-off versus Zach Stepan in Comets zone.
2:33 of 3rd period - Minor Penalty to Tyler Graovac for Hooking.
2:34 of 3rd period - Rourke Chartier wins face-off versus Ryan Lomberg in Comets zone.
2:38 of 3rd period - Slapshot by Dominik Simon.
2:38 of 3rd period - Stopped by Thatcher Demko without a rebound.
2:39 of 3rd period - Ryan Lomberg wins face-off versus Rourke Chartier in Comets zone.
4:33 of 3rd period - Penalty to Tyler Graovac is over, Tyler Graovac is back on ice.
4:50 of 3rd period - Snap shot by William Lockwood.
4:50 of 3rd period - Shot Misses the Net.
5:02 of 3rd period - Michael Joly is hit by Trent Frederic and loses puck.
5:15 of 3rd period - Wrist shot by Juho Lammikko.
5:15 of 3rd period - Shot Misses the Net.
5:18 of 3rd period - Icing by Jeremy Lauzon.
5:19 of 3rd period - Trent Frederic wins face-off versus Nicolas Petan in Rampage zone.
5:43 of 3rd period - Slapshot by Dan Renouf.
5:43 of 3rd period - Stopped by Jake Oettinger with a rebound.
5:45 of 3rd period - Slapshot by Juuso Riikola.
5:45 of 3rd period - Shot Blocked by Joachim Blichfeld.
6:30 of 3rd period - Snap shot by Phil Di Giuseppe.
6:30 of 3rd period - Shot Misses the Net.
6:32 of 3rd period - Snap shot by Curtis Lazar.
6:32 of 3rd period - Shot Misses the Net.
6:34 of 3rd period - Snap shot by Vladislav Gavrikov.
6:34 of 3rd period - Stopped by Jake Oettinger with a rebound.
6:36 of 3rd period - Slapshot by Nicolas Petan.
6:36 of 3rd period - Shot Misses the Net.
6:38 of 3rd period - Slapshot by Ryan Lomberg.
6:38 of 3rd period - Stopped by Jake Oettinger with a rebound.
6:40 of 3rd period - Wrist shot by Curtis Lazar.
6:40 of 3rd period - Shot Misses the Net.
7:10 of 3rd period - Joachim Blichfeld is hit by Jean-Sebastien Dea and loses puck.
7:15 of 3rd period - Wrist shot by Juho Lammikko.
7:15 of 3rd period - Stopped by Jake Oettinger with a rebound.
7:17 of 3rd period - Wrist shot by Trevor Moore.
7:17 of 3rd period - Stopped by Jake Oettinger with a rebound.
7:19 of 3rd period - Slapshot by Adam Ollas-Mattsson.
7:19 of 3rd period - Shot Misses the Net.
7:21 of 3rd period - Wrist shot by Jean-Sebastien Dea.
7:21 of 3rd period - Shot Misses the Net.
7:23 of 3rd period - Slapshot by William Lagesson.
7:23 of 3rd period - Deflect By Jean-Sebastien Dea.
7:23 of 3rd period - Shot Misses the Net.
7:23 of 3rd period - Puck is out of play.
7:24 of 3rd period - Nicolas Petan wins face-off versus Anthony Richard in Rampage zone.
7:36 of 3rd period - Wrist shot by Nicolas Petan.
7:36 of 3rd period - Shot Misses the Net.
8:00 of 3rd period - Snap shot by Phil Di Giuseppe.
8:00 of 3rd period - Goal by Phil Di Giuseppe - Rampage : 3 - Comets : 2.
8:01 of 3rd period - Nicolas Petan wins face-off versus Rourke Chartier in neutral zone.
8:04 of 3rd period - Slapshot by Scott Harrington.
8:04 of 3rd period - Shot Misses the Net.
8:06 of 3rd period - Snap shot by Scott Harrington.
8:06 of 3rd period - Deflect By Ethan Bear.
8:06 of 3rd period - Stopped by Jake Oettinger with a rebound.
8:08 of 3rd period - Slapshot by Vladislav Gavrikov.
8:08 of 3rd period - Stopped by Jake Oettinger with a rebound.
8:26 of 3rd period - Scott Harrington is hit by Anthony Richard and loses puck.
8:51 of 3rd period - Snap shot by Ethan Bear.
8:51 of 3rd period - Shot Blocked by Dan Renouf.
9:46 of 3rd period - Pierre Engvall is hit by Ryan Lomberg and loses puck.
10:07 of 3rd period - Snap shot by Juho Lammikko.
10:07 of 3rd period - Stopped by Jake Oettinger with a rebound.
10:09 of 3rd period - Wrist shot by Jean-Sebastien Dea.
10:09 of 3rd period - Stopped by Jake Oettinger without a rebound.
10:10 of 3rd period - Zach Stepan wins face-off versus Jean-Sebastien Dea in Rampage zone.
10:10 of 3rd period - Zach Stepan is hit by Trevor Moore.
10:22 of 3rd period - Slapshot by Zach Stepan.
10:22 of 3rd period - Stopped by Thatcher Demko without a rebound.
10:23 of 3rd period - Rourke Chartier wins face-off versus Nicolas Petan in Comets zone.
10:24 of 3rd period - Slapshot by Dominik Simon.
10:24 of 3rd period - Stopped by Thatcher Demko with a rebound.
10:36 of 3rd period - Slapshot by Curtis Lazar.
10:36 of 3rd period - Goal by Curtis Lazar - Rampage : 3 - Comets : 3.
10:37 of 3rd period - Rourke Chartier wins face-off versus Nicolas Petan in neutral zone.
10:52 of 3rd period - Slapshot by Curtis Lazar.
10:52 of 3rd period - Shot Blocked by Ethan Bear.
11:02 of 3rd period - Slapshot by Juho Lammikko.
11:02 of 3rd period - Shot Misses the Net.
11:24 of 3rd period - Anthony Richard is hit by Trevor Moore and loses puck.
11:30 of 3rd period - Off-side.
11:31 of 3rd period - Rourke Chartier wins face-off versus Nicolas Petan in neutral zone.
11:44 of 3rd period - Snap shot by Rourke Chartier.
11:44 of 3rd period - Deflect By Scott Harrington.
11:44 of 3rd period - Shot Misses the Net.
11:44 of 3rd period - Puck is out of play.
11:45 of 3rd period - Rourke Chartier wins face-off versus Curtis Lazar in Comets zone.
11:48 of 3rd period - Snap shot by Rourke Chartier.
11:48 of 3rd period - Stopped by Thatcher Demko without a rebound.
11:49 of 3rd period - Nicolas Petan wins face-off versus Rourke Chartier in Comets zone.
12:00 of 3rd period - Wrist shot by Rourke Chartier.
12:00 of 3rd period - Shot Misses the Net.
12:02 of 3rd period - Slapshot by Dylan Blujus.
12:02 of 3rd period - Stopped by Thatcher Demko without a rebound.
12:03 of 3rd period - Rourke Chartier wins face-off versus Nicolas Petan in Comets zone.
12:06 of 3rd period - Snap shot by Joachim Blichfeld.
12:06 of 3rd period - Deflect By Rourke Chartier.
12:06 of 3rd period - Shot Misses the Net.
12:06 of 3rd period - Puck is out of play.
12:07 of 3rd period - Nicolas Petan wins face-off versus Rourke Chartier in Comets zone.
12:14 of 3rd period - Wrist shot by Dominik Simon.
12:14 of 3rd period - Stopped by Thatcher Demko without a rebound.
12:15 of 3rd period - Nicolas Petan wins face-off versus Rourke Chartier in Comets zone.
12:27 of 3rd period - Snap shot by Rourke Chartier.
12:27 of 3rd period - Stopped by Thatcher Demko without a rebound.
12:28 of 3rd period - Nicolas Petan wins face-off versus Rourke Chartier in Comets zone.
12:28 of 3rd period - Scott Harrington is hit by Joachim Blichfeld and loses puck.
13:03 of 3rd period - Snap shot by Jean-Sebastien Dea.
13:03 of 3rd period - Shot Blocked by Ethan Bear.
13:13 of 3rd period - Michael Joly is hit by Zach Stepan and loses puck.
14:02 of 3rd period - Wrist shot by Jordan Kyrou.
14:02 of 3rd period - Goal by Jordan Kyrou - Rampage : 4 - Comets : 3.
14:03 of 3rd period - Rourke Chartier wins face-off versus Nicolas Petan in neutral zone.
14:16 of 3rd period - Snap shot by Joachim Blichfeld.
14:16 of 3rd period - Deflect By Scott Harrington.
14:16 of 3rd period - Shot Blocked by Vladislav Gavrikov.
14:16 of 3rd period - Puck is out of play.
14:17 of 3rd period - Nicolas Petan wins face-off versus Rourke Chartier in Comets zone.
14:42 of 3rd period - Snap shot by Juho Lammikko.
14:42 of 3rd period - Stopped by Jake Oettinger without a rebound.
14:43 of 3rd period - Anthony Richard wins face-off versus Jean-Sebastien Dea in Rampage zone.
14:48 of 3rd period - Wrist shot by Juho Lammikko.
14:48 of 3rd period - Shot Misses the Net.
14:50 of 3rd period - Slapshot by Trevor Moore.
14:50 of 3rd period - Stopped by Jake Oettinger with a rebound.
14:54 of 3rd period - Snap shot by Jean-Sebastien Dea.
14:54 of 3rd period - Shot Misses the Net.
14:56 of 3rd period - Wrist shot by Jean-Sebastien Dea.
14:56 of 3rd period - Shot Misses the Net.
14:58 of 3rd period - Slapshot by Juuso Riikola.
14:58 of 3rd period - Shot Blocked by Jeremy Lauzon.
15:08 of 3rd period - Juuso Riikola is hit by Dylan Sikura and loses puck.
15:17 of 3rd period - Wrist shot by Curtis Lazar.
15:17 of 3rd period - Stopped by Jake Oettinger with a rebound.
16:43 of 3rd period - Icing by Juho Lammikko.
16:44 of 3rd period - Jean-Sebastien Dea wins face-off versus Zach Stepan in Comets zone.
16:48 of 3rd period - Icing by Juho Lammikko.
16:49 of 3rd period - Jean-Sebastien Dea wins face-off versus Zach Stepan in Comets zone.
17:07 of 3rd period - Minor Penalty to Daniil Miromanov for Holding.
17:08 of 3rd period - Ryan Lomberg wins face-off versus Anthony Richard in Comets zone.
19:07 of 3rd period - Penalty to Daniil Miromanov is over, Daniil Miromanov is back on ice.
19:18 of 3rd period - Comets, Thatcher Demko is pulled from the net.
19:42 of 3rd period - Wrist shot by Curtis Lazar.
19:42 of 3rd period - Stopped by Jake Oettinger with a rebound.
19:52 of 3rd period - Slapshot by Nicolas Petan.
19:52 of 3rd period - Stopped by Jake Oettinger with a rebound.
Goals for this period are 1 for Rampage vs 2 for Comets.
Shots for this period are 10 for Rampage vs 17 for Comets.